 Dungeon Crawl Stone Soup version 0.29.0-11-gd7f09526c8 (webtiles) character file.

Game seed: 7062543338871501168

18 freelancePsychic the Slasher (level 2, 23/25 HPs)
             Began as a Barachi Chaos Knight on Sept 3, 2022.
             Was a Follower of Vehumet.
             Quit the game on level 2 of the Dungeon on Sept 4, 2022.
             The game lasted 00:01:43 (1219 turns).

freelancePsychic the Slasher (Barachi Chaos Knight) Turns: 1219, Time: 00:01:44

Health: 23/25      AC:  5    Str: 13    XL:     2   Next: 70%
Magic:  2/2        EV: 11    Int: 12    God:    Vehumet [*.....]
Gold:   31         SH:  0    Dex: 11    Spells: 1/1 levels left

rFire   . . .      SeeInvis .   a - +0 falchion (chaos)
rCold   . . .      Faith    .   (no shield)
rNeg    . . .      Spirit   .   b - +2 leather armour
rPois   .          Reflect  .   (no helmet)
rElec   .          Harm     .   (no cloak)
rCorr   .          Rampage  .   (no gloves)
Will    .....                   (no boots)
Stlth   +.........              (no amulet)
HPRegen 0.08/turn               (no ring)
MPRegen 0.08/turn               (no ring)

@: slow
A: amphibious, slowness 1, strong legs 1, +LOS
a: Hop, Renounce Religion


You were on level 2 of the Dungeon.
You worshipped Vehumet.
Vehumet was aware of your devotion.
You visited 1 branch of the dungeon, and saw 2 of its levels.

You collected 31 gold pieces.

Inventory:

Hand Weapons
 a - a +0 falchion of chaos (weapon)
Armour
 b - a +2 leather armour (worn)
Scrolls
 d - a scroll of summoning {unknown}
 e - a scroll of vulnerability {unknown}
 g - 2 scrolls of fog {unknown}
 h - a scroll of enchant weapon {unknown}
 i - 2 scrolls of immolation {unknown}
 j - a scroll of enchant armour {unknown}
Potions
 f - a potion of might {unknown}
Miscellaneous
 c - a piece from Xom's chessboard (15/15) (quivered)


   Skills:
 + Level 4.0 Fighting
 - Level 4.3 Long Blades
 - Level 2.5 Armour
 - Level 1.1 Dodging


You had one spell level left.
You didn't know any spells.
Your spell library was empty.

Dungeon Overview and Level Annotations

Branches:
Dungeon (2/15)

Altars:
Vehumet


Innate Abilities, Weirdness & Mutations

You are amphibious.
You cover ground slowly.
You can hop short distances.
You have an extended range of vision and can be seen from far away.


Message History

i - 2 scrolls labelled ANATHUOSUE (gained 1)
g - 2 scrolls labelled ASTRI DYCINOOH (gained 1)
A rat comes into view.
Found a scroll labelled KOUNOU HYVUIFA.
The rat moves out of view.
Found a faded altar of an unknown god.
The rat bites you.
You completely miss the rat. The rat bites you.
You hit the rat.
You kill the rat!
No target in view!
No target in view!
No target in view!
No target in view!
No target in view!
No target in view!
No target in view!
No target in view!
No target in view!
No target in view!
No target in view!
No target in view!
No target in view!
No target in view!
No target in view!
No target in view!
No target in view!
No target in view!
No target in view!
You aren't carrying any pieces of jewellery.
Unknown command.
You see here a rat corpse.
There is a faded altar of an unknown god here.
You cannot tell which god this altar belongs to.
Convert to them anyway?
Really abandon Xom for an unknown god?
Vehumet accepts your prayer!
You have lost your religion!
Xom does not appreciate desertion!
Vehumet welcomes you!
You can now gain magical power from killing.
Vehumet offers you knowledge of Magic Dart.
Are you sure you want to abandon this character and quit the game? (Confirm with "yes".)

~~PP~P#..# P♣~~~P~...#
PPP~♣~~PP.# ######### #
.PPPPPP~~.###.......#.##
...P.~P~P..........P...#
#...PPPP.......♣..P..
###?......#..P♣PPP♣
.........#...P..@♣.P.#
.#.#..†....P...♣ #.
#...#....P..P♣ #.
##.###........... #. #.#
##........## .######.#
#.#.####.# ........#
#.#.# .# ######### ....#
.# .# ##.### #


There were no monsters in sight!

Vanquished Creatures
  3 ball pythons (D:1)
  An endoplasm (D:1)
  A giant cockroach (D:2)
  3 hobgoblins (D:1)
  2 bats (D:1)
  2 frilled lizards (D:1)
  7 rats
19 creatures vanquished.

Notes
Turn   | Place    | Note
-------+----------+-------------------------------------------
     0 | D:1      | freelancePsychic the Barachi Chaos Knight began the quest
                  | for the Orb.
     0 | D:1      | Reached XP level 1. HP: 18/18 MP: 1/1
    70 | D:1      | XOM: silly message
   220 | D:1      | Reached XP level 2. HP: 21/25 MP: 2/2
   281 | D:1      | XOM: silly message
   447 | D:1      | XOM: divination: detect items
   631 | D:1      | XOM: cloud trail
  1040 | D:1      | XOM: noise
  1165 | D:2      | XOM: noise
  1206 | D:2      | Found a faded altar of an unknown god.
  1218 | D:2      | Prayed at the altar of an unknown god.
  1218 | D:2      | Fell from the grace of Xom
  1218 | D:2      | Became a worshipper of Vehumet
  1218 | D:2      | Reached * piety under Vehumet
  1218 | D:2      | Offered knowledge of Magic Dart by Vehumet.
  1219 | D:2      | Quit the game

Illustrated notes

Levels and vault maps discovered:
D:1:      minmay_arrival_four_loops, layout_loops_corners
D:2:      layout_loops_ring, dreamdust_ecumenical_altar_grove,
          serial_bayou_lagoon_a

Skill      XL: |  1  2 |
---------------+-------+-----
Long Blades    | 4 |  4.3
Fighting       | 4 |  4.0
Armour         | |  2.5
Dodging        | |  1.1

Action                   || total
-------------------------++-------
Melee: Falchion          ||    47
 Stab: Sleeping          ||     1
Armor: Leather armour    ||     8
Dodge: Dodged            ||    40
